 Dungeon Crawl Stone Soup version 0.16-a0-3636-gf0307c9 (webtiles) character file.

1144 Minkie the Ruffian (level 8, -7/64 HPs)
             Began as a Naga Transmuter on Jan 15, 2015.
             Mangled by a gnoll
             ... wielding a +0 flail
              (12 damage)
             ... on level 5 of the Dungeon.
             The game lasted 00:27:19 (6840 turns).

Minkie the Ruffian (Naga Transmuter)                Turns: 6840, Time: 00:27:19

Health: -7/64      AC:  3    Str: 13    XL:     8   Next: 37%
Magic:  9/13       EV: 10    Int: 15    God:
Gold:   90         SH:  0    Dex: 12    Spells: 2 memorised, 7 levels left

rFire  . . .     SeeInvis +       - Unarmed
rCold  . . .     Clarity  .     c - +0 robe
rNeg   . . .     SustAb   .     (no shield)
rPois  +         Gourm    .     (no helmet)
rElec  .         Spirit   .     (no cloak)
rCorr  .         Warding  .     (no gloves)
rMut   .         Stasis   .     (no barding)
MR     +....                    (no amulet)
Stlth  ++........               (no ring)
                                l - ring of stealth

@: very slightly contaminated, very slow, somewhat resistant to hostile
enchantments, unstealthy
A: spit poison, see invisible, deformed body, poison resistance, slowness 2, AC
+2
a: Spit Poison


You were on level 5 of the Dungeon.
You were not hungry.

You visited 2 branches of the dungeon, and saw 6 of its levels.

You collected 90 gold pieces.

Inventory:

Missiles
 b - 12 arrows
 p - 3 tomahawks (quivered)
Armour
 c - a +0 robe (worn)
 q - a +1 leather armour of magic resistance
Jewellery
 l - a ring of stealth (left hand)
Scrolls
 e - a scroll of recharging {unknown}
 f - 5 scrolls of identify {unknown}
 g - 3 scrolls of blinking {unknown}
 n - a scroll of immolation {unknown}
 t - 3 scrolls of enchant armour {unknown}
Potions
 h - 2 potions of poison {unknown}
 j - a potion of heal wounds {unknown}
 m - 2 potions of curing {unknown}
 s - a potion of restore abilities {unknown}
Books
 d - a book of Changes

   Spells                             Type                      Level
   a - Beastly Appendage              Transmutation                1
   b - Sticks to Snakes               Transmutation                2
   c - Spider Form                    Transmutation/Poison         3
   d - Ice Form                       Ice/Transmutation            4
   e - Blade Hands                    Transmutation                5
Comestibles
 a - 7 bread rations
 i - 5 meat rations
 k - 3 fruits
 o - a royal jelly
 r - 18 chunks of flesh


   Skills:
 - Level 1.0 Fighting
 - Level 1.5 Dodging
 + Level 6.6 Unarmed Combat
 - Level 2.0 Spellcasting
 + Level 6.2 Transmutations
 - Level 6.0 Poison Magic


You had 7 spell levels left.
You knew the following spells:

 Your Spells              Type           Power        Failure   Level  Hunger
a - Beastly Appendage     Trmt           ###...       1%          1    #......
b - Spider Form           Trmt/Pois      ###.......   6%          3    ###....


Dungeon Overview and Level Annotations

Branches:
Dungeon (5/15)             Temple (1/1) D:4

Altars:
Ashenzari
Dithmenos
Elyvilon
Fedhas
Kikubaaqudgha
Nemelex Xobeh
Okawaru
Qazlal
Ru
Sif Muna
Trog
Yredelemnul
Zin
The Shining One

Annotations:
D:2 Sigmund


Innate Abilities, Weirdness & Mutations

You cannot wear boots.
You can spit poison.
Your serpentine skin is tough (AC +2).
You have supernaturally acute eyesight.
Armour fits poorly on your strangely shaped body.
Your system is resistant to poisons.
You cover ground very slowly.


Message History

You kill the gnoll! x2
You barely miss the gnoll. The gnoll barely misses you.
You hit the gnoll.
The gnoll is moderately wounded.
The gnoll hits you with a flail!
You barely miss the gnoll.
The gnoll is moderately wounded.
The gnoll hits you with a flail!
* * * LOW HITPOINT WARNING * * *
You barely miss the gnoll.
The gnoll is moderately wounded.
You hit the gnoll.
The gnoll is poisoned.
The gnoll is severely wounded.
The gnoll hits you with a flail!
* * * LOW HITPOINT WARNING * * *
You hit the gnoll but do no damage.
The gnoll is severely wounded.
Your transformation has ended.
Your +0 robe unmelds from your body.
The gnoll hits you with a flail!
You die...

...#...............###..
#.................)##.#
#.....†)..........)...# .
#.#...)...........##..#
..# #...)).....<....#....
##...#.................###
#........!...........###
...###.>..g..#.......#
#####.#@####.....###
#......)†....#####
.$.$.$.$..####
#........... #######..####
#.## ..# ..## ..


You could see a gnoll.

Vanquished Creatures
  A phantom (D:4)
  A sky beast (D:5)
  3 ogres
  A vampire bat (D:3)
  A crimson imp (D:4)
  A centaur skeleton (D:4)
  3 orc priests
  A jelly (D:5)
  A giant frog skeleton (D:4)
  A worker ant (D:4)
  5 orc wizards
  2 iguanas
  A worker ant zombie (D:5)
  6 gnolls
  7 adders
  2 worms (D:3)
  3 giant geckos
  17 orcs
  4 ball pythons
  4 giant cockroaches
  12 hobgoblins
  4 jackals
  9 kobolds
  A quokka (D:3)
  12 bats
  A giant gecko skeleton (D:4)
  2 giant newts
  10 goblins
  A quokka skeleton (D:5)
  8 rats
  6 ballistomycetes (D:3)
131 creatures vanquished.

Vanquished Creatures (others)
  2 giant spores (D:3)
2 creatures vanquished.

Grand Total: 133 creatures vanquished

Notes
Turn   | Place    | Note
--------------------------------------------------------------
     0 | D:1      | Minkie, the Naga Transmuter, began the quest for the Orb.
     0 | D:1      | Reached XP level 1. HP: 18/18 MP: 3/3
   375 | D:1      | Reached XP level 2. HP: 18/25 MP: 4/4
  1249 | D:2      | Reached XP level 3. HP: 16/31 MP: 4/6
  1753 | D:2      | Found a sacrificial altar of Ru.
  1764 | D:2      | Noticed Sigmund
  2053 | D:3      | Learned a level 3 spell: Spider Form
  2490 | D:3      | Reached skill level 1 in Poison Magic
  2916 | D:3      | Reached XP level 4. HP: 36/38 MP: 7/7
  3055 | D:3      | Found an ancient bone altar of Kikubaaqudgha.
  3097 | D:3      | Reached skill level 4 in Unarmed Combat
  3475 | D:3      | Reached XP level 5. HP: 44/44 MP: 5/9
  4046 | D:4      | Reached XP level 6. HP: 51/51 MP: 10/10
  4119 | D:4      | Noticed a phantom
  4166 | D:4      | Killed a phantom
  4617 | D:4      | Reached skill level 5 in Unarmed Combat
  4847 | D:4      | Reached XP level 7. HP: 48/57 MP: 8/12
  5038 | D:4      | Reached skill level 5 in Poison Magic
  5232 | D:4      | Found a staircase to the Ecumenical Temple.
  5237 | Temple   | Entered the Ecumenical Temple
  5575 | D:4      | Noticed an ogre
  5585 | D:4      | Killed an ogre
  6372 | D:5      | Entered Level 5 of the Dungeon
  6378 | D:5      | Reached skill level 5 in Transmutations
  6536 | D:4      | Reached skill level 6 in Poison Magic
  6628 | D:5      | Reached XP level 8. HP: 62/64 MP: 10/13
  6840 | D:5      | Mangled by a gnoll

Action                   |  1- 3 |  4- 6 |  7- 9 || total
-------------------------+-------+-------+-------++-------
Melee: Unarmed           |   137 |   210 |   167 ||   514
 Cast: Beastly Appendage |     5 |     3 |       ||     8
       Spider Form       |     1 |    12 |    17 ||    30
 Abil: Spit Poison       |    12 |     8 |     1 ||    21
 Stab: Sleeping          |     1 |     2 |     4 ||     7
  Eat: Chunk             |     7 |     9 |     9 ||    25
